 Dungeon Crawl Stone Soup version 0.30-a0-793-g160f7cfddd (console) character file.

Game seed: 12775308698948115772

1617 jejorda2 the Spear-Bearer (level 8, -3/64 HPs)
             Began as a Merfolk Berserker on Feb 20, 2023.
             Was a Priest of Trog.
             Slain by an iguana (11 damage)
             ... on level 7 of the Dungeon.
             The game lasted 00:10:33 (5578 turns).

jejorda2 the Spear-Bearer (Merfolk Berserker)       Turns: 5578, Time: 00:10:33

Health: -3/64      AC: 15    Str: 20    XL:     8   Next: 96%
Magic:  8/8        EV:  7    Int:  6    God:    Trog [***...]
Gold:   49         SH:  0    Dex: 13    Spells: 7/7 levels left

rFire   + . .      SeeInvis .    a - +0 trident
rCold   . . .      Faith    .    (no shield)
rNeg    . . .      Spirit   .    z - +0 plate armour
rPois   .          Reflect  .    i - +0 helmet
rElec   .          Harm     .    u - +1 cloak
rCorr   +          Rampage  .    o - +0 pair of gloves
Will    ++...                    (no boots) Stlth
                                 (no amulet)
HPRegen 1.30/turn                p - ring of protection from fire
MPRegen 0.11/turn                r - ring of resist corrosion

@: about to teleport, strong-willed, on berserk cooldown, regenerating, slowed,
very slow
A: (nimble swimmer 2), mertail
a: Renounce Religion, Berserk, Trog's Hand


You were on level 7 of the Dungeon.
You worshipped Trog.
Trog was most pleased with you.
You visited 1 branch of the dungeon, and saw 7 of its levels.

You collected 310 gold pieces.
You spent 261 gold pieces at shops.

Inventory:

Hand Weapons
 a - a +0 trident (weapon)
Missiles
 h - 13 stones (quivered)
 n - 2 boomerangs
 A - 8 poisoned darts
Armour
 i - a +0 helmet (worn)
 o - a +0 pair of gloves (worn)
 u - a +1 cloak (worn)
 z - a +0 plate armour (worn)
Jewellery
 p - a ring of protection from fire (left hand)
 r - a ring of resist corrosion (right hand)
Wands
 y - a wand of flame (45)
Scrolls
 c - 3 scrolls of teleportation
 e - a scroll of torment
 f - 2 scrolls of fog
 j - a scroll of noise
 k - a scroll of immolation
 l - 2 scrolls of magic mapping
Potions
 b - a potion of resistance {unknown}
 d - 2 potions of invisibility
 g - 2 potions of berserk rage
 m - 2 potions of haste
 q - a potion of heal wounds {unknown}
 s - a potion of lignification {unknown}
 t - 2 potions of curing
 v - a potion of might {unknown}
 w - 2 potions of brilliance {unknown}
 x - a potion of attraction {unknown}
 B - a potion of mutation {unknown}


   Skills:
 - Level 6.0 Fighting
 * Level 10.8 Polearms
 + Level 2.8 Armour
 - Level 6.0 Dodging
 + Level 3.1 Evocations


You had 7 spell levels left.
You didn't know any spells.
Your spell library was empty.

Dungeon Overview and Level Annotations

Branches:
Dungeon (7/15)             Temple (0/1) D:4

Altars:
Fedhas
Qazlal

Shops:
D:3 *


Innate Abilities, Weirdness & Mutations

((You are very nimble when in or above water. (Stealth+, EV+, Speed+++)))
Your lower body shifts to a powerful aquatic tail in water.


Message History

The gnoll hits you from afar with a +0 halberd.
You reach to attack!
You hit the gnoll but do no damage. The gnoll hits you but does no damage.
You reach to attack!
You puncture the iguana!
The iguana is heavily wounded.
The gnoll hits you from afar with a +0 halberd.
You closely miss the iguana.
The iguana is heavily wounded.
The iguana barely misses you. The gnoll barely misses you.
You closely miss the iguana.
The iguana is heavily wounded.
The gnoll closely misses you. The iguana barely misses you.
You closely miss the iguana.
The iguana is heavily wounded.
The gnoll hits you from afar with a +0 halberd!
The iguana bites you but does no damage.
The iguana closely misses you.
The gnoll hits you from afar with a +0 halberd.
The iguana attacks as you move away!
The iguana bites you but does no damage. x2
The gnoll hits you but does no damage.
You see here 13 gold pieces.
Your skin crawls.
You feel strong-willed. The gnoll barely misses you. The iguana bites you. x2
The gnoll hits you but does no damage. The iguana bites you!
* * * LOW HITPOINT WARNING * * *
The gnoll hits you but does no damage. The iguana attacks as you move away!
The iguana bites you but does no damage.
The gnoll barely misses you.
The iguana bites you but does no damage.
As you read the scroll of teleportation, it crumbles to dust.
You feel strangely unstable. The iguana bites you!
* * * LOW HITPOINT WARNING * * *
The gnoll hits you from afar with a +0 halberd.
* * * LOW HITPOINT WARNING * * *
The iguana attacks as you move away! The iguana bites you!
You die...

#... ..## ##.... ....#####
#####......
##.......#####+#####..........
.#.!.>.................#.......
....#.....#........##).#......#
....#..............###........#
.$.....!....g......##...#......
...[.....$.#.l@........###.....
.........#.#.....<.##..###.....
.......))###.......##..#.......
...##.)### ##.....###.........#
#.. #.[..## #...#...... #..
##...# #..###^..... ..#
##....... ##..... ... #..#....
#...## ...# #.#.... #..##


You could see an iguana and a gnoll.

Vanquished Creatures
  Eustachio (D:5)
  An ice beast (D:5)
  A sky beast (D:6)
  An orc warrior (D:6)
  An ogre (D:6)
  2 phantoms
  2 necrophages (D:4)
  2 gnoll sergeants
  2 jellies (D:5)
  3 hounds
  An orc priest (D:4)
  8 iguanas
  An orc wizard (D:4)
  Robin (D:2)
  10 gnolls
  5 adders
  A shadow imp (D:6)
  A white imp (D:6)
  3 worms
  A dart slug (D:4)
  24 orcs
  8 endoplasms
  A giant cockroach (D:1)
  10 hobgoblins
  5 jackals
  4 quokkas
  7 ball pythons
  4 bats
  5 frilled lizards
  12 goblins
  6 kobolds
  7 rats
141 creatures vanquished.

Vanquished Creatures (others)
  3 fungi (D:5)
  A plant (D:5)
4 creatures vanquished.

Grand Total: 145 creatures vanquished

Notes
Turn   | Place    | Note
-------+----------+-------------------------------------------
     0 | D:1      | jejorda2 the Merfolk Berserker began the quest for the Orb.
     0 | D:1      | Reached XP level 1. HP: 18/18 MP: 1/1
   222 | D:1      | Reached XP level 2. HP: 17/24 MP: 2/2
   529 | D:1      | Reached XP level 3. HP: 29/29 MP: 3/3
  1022 | D:2      | Reached skill level 5 in Polearms
  1030 | D:2      | Noticed Robin
  1108 | D:2      | Killed Robin
  1109 | D:2      | Reached XP level 4. HP: 37/37 MP: 4/4
  1110 | D:2      | Reached ** piety under Trog
  1305 | D:2      | Identified the +2 mace "Buegote" {venom, Str+5}
  1412 | D:2      | Found a faded altar of an unknown god.
  1901 | D:3      | Found Zimabiz's Assorted Antiques.
  1907 | D:3      | Bought a scroll labelled PEJYECWACUH for 23 gold pieces
  1907 | D:3      | Bought a scroll labelled IBUOBE BITADDE for 23 gold pieces
  1907 | D:3      | Bought a scroll labelled MEM FEHAHA for 23 gold pieces
  1907 | D:3      | Bought a sapphire potion for 20 gold pieces
  1940 | D:3      | Identified the amulet "Idghogit" {RegenMP Harm rCorr}
  2187 | D:3      | Reached XP level 5. HP: 40/42 MP: 5/5
  2355 | D:4      | Reached skill level 6 in Polearms
  2415 | D:4      | Found a staircase to the Ecumenical Temple.
  2496 | D:4      | Reached *** piety under Trog
  2652 | D:4      | Reached XP level 6. HP: 46/49 MP: 6/6
  2800 | D:4      | Reached skill level 7 in Polearms
  2994 | D:4      | Reached skill level 5 in Fighting
  2994 | D:4      | Reached skill level 5 in Dodging
  3292 | D:4      | Reached XP level 7. HP: 55/56 MP: 7/7
  3444 | D:5      | Entered Level 5 of the Dungeon
  3642 | D:5      | Reached skill level 8 in Polearms
  3758 | D:5      | Noticed Eustachio
  3781 | D:5      | Killed Eustachio
  3887 | D:5      | Reached skill level 9 in Polearms
  4151 | D:5      | Reached XP level 8. HP: 30/64 MP: 8/8
  4287 | D:5      | Found a blossoming altar of Fedhas.
  4300 | D:5      | Found a stormy altar of Qazlal.
  4372 | D:3      | Bought an embroidered cloak for 172 gold pieces
  4466 | D:6      | Reached skill level 1 in Evocations
  4785 | D:6      | Reached skill level 10 in Polearms
  5514 | D:7      | Identified the +6 rapier of Distant Worlds {heavy, *Slow
                  | rPois MP+9 Str+3}
  5578 | D:7      | Slain by an iguana

Illustrated notes

Levels and vault maps discovered:
D:1:      nicolae_arrival_washed_ashore, layout_basic
D:2:      layout_rooms, dreamdust_ecumenical_altar_statues, uniq_robin
D:3:      layout_loops_ring, serial_shops, shop
D:4:      layout_cave_pods, minmay_temple_entry_large_hall, grunt_ministairs_10
D:5:      layout_gridville, grunt_temple_overflow_forces_of_nature,
          uniq_eustachio
D:6:      layout_loops_cross
D:7:      minmay_the_grid_plus_closed [minmay_the_grid_minigrid_medium,
          minmay_the_grid_paths, minmay_the_grid_mess,
          minmay_the_grid_minigrid_large,
          minmay_the_grid_prize_shrinking_boxes], layout_cave_pools,
          uniq_duvessa

Skill      XL: |  1  2  3  4  5  6  7  8 |
---------------+-------------------------+-----
Dodging        | 3 4 5 6 |  6.0
Polearms       | 5 6 7 9 10 | 10.8
Fighting       | 4 5 6 |  6.0
Evocations     | 3 |  3.1
Armour         | 2 |  2.8

Action                     |  1- 3 |  4- 6 |  7- 9 || total
---------------------------+-------+-------+-------++-------
  Melee: Spear             |    77 |   127 |       ||   204
         Punch             |       |     3 |     3 ||     6
         Trident           |       |   111 |   238 ||   349
  Throw: Stone             |       |     3 |    12 ||    15
 Invoke: Berserk           |     3 |     4 |     6 ||    13
         Trog's Hand       |       |       |     1 ||     1
    Use: Scroll            |       |       |    15 ||    15
   Stab: Sleeping          |     2 |     2 |       ||     4
 Armour: Animal skin       |     9 |     6 |       ||    15
         Chain mail        |       |    68 |    46 ||   114
         Plate armour      |       |       |    24 ||    24
  Dodge: Dodged            |    26 |    74 |    61 ||   161

Table legend: (Time is in decaauts)
 A = Elapsed time spent in this place.
 B = Non-inter-level travel time spent in this place.
 C = Inter-level travel time spent in this place.
 D = Time resting spent in this place.
 E = Time spent auto-exploring this place.
 F = Levels seen in this place.
 G = Mean time per level.
                   A        B        C        D        E       F      G
               +--------+--------+--------+--------+--------+-----+--------+
         Total |   5599 |   5235 |    364 |    458 |   3782 |   7 |  799.9 |
       Dungeon |   5599 |   5235 |    364 |    458 |   3782 |   7 |  799.9 |
               +--------+--------+--------+--------+--------+-----+--------+

Top non-repeatable levels by time:
     D:4: 1222 daAuts
     D:1: 1141 daAuts
     D:6: 981 daAuts
     D:5: 868 daAuts
     D:3: 718 daAuts
     D:2: 552 daAuts
     D:7: 114 daAuts
